 Dungeon Crawl Stone Soup version 0.29-a0-721-g7f417c9bbb (webtiles) character file.

Game seed: 12712812899499710286

1719 blackman the Cleaver (level 9, -6/70 HPs)
             Began as a Hill Orc Monk on June 27, 2022.
             Was a Believer of Beogh.
             Mangled by a two-headed ogre
             ... wielding a +0 giant club
              (13 damage)
             ... on level 7 of the Dungeon.
             The game lasted 00:16:58 (8070 turns).

blackman the Cleaver (Hill Orc Monk)                Turns: 8070, Time: 00:16:58

Health: -6/70      AC: 13    Str: 18    XL:     9   Next: 4%
Magic:  9/9        EV:  4    Int: 10    God:    Beogh [**....]
Gold:   445        SH: 12    Dex: 13    Spells: 8/8 levels left

rFire   . . .      SeeInvis .   c - +2 demon whip (vamp)
rCold   . . .      Faith    .   j - +2 kite shield
rNeg    . . .      Spirit   .   d - +0 plate armour
rPois   .          Reflect  .   p - +1 helmet
rElec   .          Harm     .   n - +0 cloak
rCorr   .          Rampage  .   (no gloves)
Will    .....                   (no boots)
Stlth   ..........              (no amulet)
HPRegen 0.21/turn               (no ring)
MPRegen 0.11/turn               (no ring)

@: no status effects
A: no striking features
a: Renounce Religion, Smiting


You were on level 7 of the Dungeon.
You worshipped Beogh.
Beogh was pleased with you.
You visited 1 branch of the dungeon, and saw 7 of its levels.

You collected 445 gold pieces.

Inventory:

Hand Weapons
 a - a +0 hand axe
 c - a +2 vampiric demon whip (weapon)
Missiles
 e - 11 poisoned darts
 l - 5 curare-tipped darts (quivered)
Armour
 b - a +0 robe
 d - a +0 plate armour (worn)
 j - a +2 kite shield (worn)
 n - a +0 cloak (worn)
 p - a +1 helmet (worn)
Jewellery
 f - a ring of magical power
 k - a +6 ring of intelligence
 m - a +4 ring of protection
Wands
 g - a wand of iceblast (4)
 C - a wand of quicksilver (8)
 D - a wand of flame (13)
Scrolls
 i - a scroll of amnesia
 o - a scroll of enchant armour
 s - a scroll of noise
 t - a scroll of immolation
 w - a scroll of poison
 x - a scroll of torment {unknown}
 B - a scroll of teleportation
Potions
 h - 3 potions of brilliance
 q - a potion of flight {unknown}
 r - 2 potions of resistance {unknown}
 v - a potion of attraction {unknown}
 z - 2 potions of cancellation {unknown}
 A - 2 potions of curing


   Skills:
 - Level 3.6 Fighting
 + Level 11.8 Axes
 - Level 2.4 Dodging
 - Level 1.5 Stealth
 * Level 7.8 Shields


You had 8 spell levels left.
You didn't know any spells.
Your spell library contained the following spells:

 Spells                   Type           Power      Damage    Failure   Level
 Sting                    Tmut/Pois      0%         1d3       100%        1
 Poisonous Vapours        Pois/Air       0%         N/A       100%        2
 Gell's Gravitas          Tloc           0%         N/A       100%        3
 Lesser Beckoning         Tloc           0%         N/A       100%        3
 Teleport Other           Tloc           0%         N/A       100%        3
 Olgreb's Toxic Radiance  Pois           0%         N/A       100%        4
 Ozocubu's Refrigeration  Ice            0%         4d5       100%        7
 Ignition                 Fire           0%         3d3       100%        8


Dungeon Overview and Level Annotations

Branches:
Dungeon (7/15)             Temple (0/1) D:7

Altars:
Gozag
Kikubaaqudgha
Qazlal
Sif Muna
Vehumet
Wu Jian
Zin

Shops:
D:1 *   D:3 *   D:4 =


Message History

You hear the faint creaking of a very distant portcullis.
An orc comes into view. It is wielding a +0 whip.
The orc shouts!
You hear a shout!
Found 10 gold pieces.
A two-headed ogre comes into view. It is wielding two +0 giant clubs.
Found a book of Burglary.
The two-headed ogre moves out of view.
An orc wizard and 2 orcs come into view.
An orc is wielding a +2 flail of protection.
The orc wizard shouts!
The orc shouts! x2; You hear a shout!
The orc hits you but does no damage.
An orc wizard comes into view. It is wielding a +0 dagger.
The orc wizard moves out of view.
An orc comes into view. It is wielding a +0 hand axe.
You whack the orc!
You kill the orc!
Beogh accepts your kill.
You whack the two-headed ogre!
The two-headed ogre is moderately wounded.
The two-headed ogre hits you with a +0 giant club!!
The two-headed ogre hits you with a +0 giant club!
You whack the two-headed ogre!
The two-headed ogre is heavily wounded.
You hit the two-headed ogre.
You feel better.
The two-headed ogre is heavily wounded.
The two-headed ogre hits you with a +0 giant club!!
* * * LOW HITPOINT WARNING * * *
You block the two-headed ogre's attack.
You hit the two-headed ogre.
You feel better.
The two-headed ogre is severely wounded.
The two-headed ogre hits you with a +0 giant club!
* * * LOW HITPOINT WARNING * * *
You block the two-headed ogre's attack.
You hit the two-headed ogre.
You feel better.
The two-headed ogre is severely wounded.
You block the orc's attack.
You closely miss the two-headed ogre.
The two-headed ogre is severely wounded.
The two-headed ogre hits you but does no damage.
The two-headed ogre hits you with a +0 giant club!
You die...

*,* ##.## *,,*,*,,*,*, *,* #...#
*,,*,,*,*,,, *,***##.##
*o.**,,,**** *,,,*#...#
#######o.,****,,,*
#######.##****##.....oo.,,,,*,*,,
#...##...#*,,,,..oo..o..,,*,*,,*,
#.#####.########.o......,,,,**,,,
#.##............o#**+******,,***,
#.##.###########@#,,,* **,,,,,
#.##.# #O#,*** *****, #....#
#.#+*** *, ###### **#..,,,* **
*,#..,,,* *,....,,* *,#...,,*
*,#....,* *,*,,,,,****


You could see a two-headed ogre, an orc wizard and 3 orcs.

Vanquished Creatures
  Sigmund (D:3)
  A steam dragon (D:6)
  A water moccasin (D:5)
  2 sky beasts
  3 ice beasts (D:6)
  A centaur (D:6)
  A bullfrog (D:6)
  3 scorpions
  A howler monkey (D:5)
  3 hounds
  A gnoll shaman (D:5)
  3 jellies
  An iguana (D:4)
  Robin (D:3)
  8 gnolls (D:5)
  6 adders
  2 shadow imps
  3 white imps
  2 ufetubi
  3 worms
  2 dart slugs
  4 orcs
  5 endoplasms
  17 goblins
  5 hobgoblins
  6 quokkas
  7 ball pythons
  2 bats
  3 frilled lizards
  3 kobolds
  6 rats
107 creatures vanquished.

Vanquished Creatures (others)
  An orc (D:6)
1 creature vanquished.

Grand Total: 108 creatures vanquished

Notes
Turn   | Place    | Note
-------+----------+-------------------------------------------
     0 | D:1      | blackman the Hill Orc Monk began the quest for the Orb.
     0 | D:1      | Reached XP level 1. HP: 19/19 MP: 1/1
   185 | D:1      | Reached XP level 2. HP: 23/26 MP: 2/2
   344 | D:1      | Reached skill level 5 in Axes
   617 | D:1      | Found Odghauc's Assorted Antiques.
   870 | D:2      | Reached XP level 3. HP: 31/31 MP: 3/3
  1945 | D:3      | Found Nuuneusch's General Store.
  1983 | D:3      | Reached skill level 6 in Axes
  1983 | D:3      | Noticed Robin
  2042 | D:3      | Killed Robin
  2043 | D:3      | Reached XP level 4. HP: 10/39 MP: 4/4
  2161 | D:3      | Noticed Sigmund
  2259 | D:3      | Killed Sigmund
  2260 | D:3      | Reached skill level 8 in Axes
  2260 | D:3      | Reached XP level 5. HP: 9/45 MP: 5/5
  2260 | D:3      | Reached XP level 6. HP: 10/51 MP: 6/6
  3221 | D:3      | Found a glowing silver altar of Zin.
  3295 | D:3      | Found a radiant altar of Vehumet.
  3411 | D:3      | Found a shimmering blue altar of Sif Muna.
  3503 | D:3      | Found an opulent altar of Gozag.
  3859 | D:4      | Found Setido's One-of-a-Kind Rings.
  3860 | D:4      | Noticed a sky beast
  3871 | D:4      | Killed a sky beast
  3872 | D:4      | Reached skill level 9 in Axes
  4151 | D:4      | Reached XP level 7. HP: 44/57 MP: 7/7
  4292 | D:4      | Reached skill level 1 in Shields
  4344 | D:4      | Reached skill level 10 in Axes
  4755 | D:4      | Noticed a fire elemental
  4757 | D:4      | Found a stormy altar of Qazlal.
  4759 | D:4      | Noticed an air elemental
  4759 | D:4      | Noticed a water elemental
  5072 | D:5      | Entered Level 5 of the Dungeon
  6322 | D:5      | Reached XP level 8. HP: 59/64 MP: 8/8
  6622 | D:6      | Reached skill level 5 in Shields
  6657 | D:6      | Reached skill level 11 in Axes
  6762 | D:6      | Became a worshipper of Beogh the Brigand
  6762 | D:6      | Reached * piety under Beogh
  6762 | D:6      | Reached ** piety under Beogh
  7593 | D:6      | Reached XP level 9. HP: 70/70 MP: 9/9
  7596 | D:6      | Found an ornate altar of the Wu Jian Council.
  7814 | D:6      | Found an ancient bone altar of Kikubaaqudgha.
  7994 | D:7      | Identified a scroll of acquirement
  7999 | D:7      | Acquired a +2 vampiric demon whip
  8061 | D:7      | Noticed a two-headed ogre
  8070 | D:7      | Mangled by a two-headed ogre

Illustrated notes

Levels and vault maps discovered:
D:1:      onia_arrival_mini_spirals, layout_rooms, serial_shops,
          nicolae_shop_overgrown_old_shop, chequers_serial_rivers_small_b
D:2:      layout_basic, minmay_heptomino_l4
D:3:      layout_rooms, nicolae_overflow_crystal_walls,
          mainiacjoe_overflow_alcove_4, lemuel_tele_altar,
          mainiacjoe_overflow_cross_hatched, serial_shops, shop,
          grunt_ministairs_2, uniq_sigmund, uniq_robin
D:4:      layout_loops_corners, nicolae_qazlal_style_of_elements,
          nicolae_shop_unique_rings
D:5:      layout_loops_ring, minmay_misc_feat_more_columns,
          serial_park_tiny_pond
D:6:      layout_loops_ring, marbit_many_paths, mainiacjoe_overflow_alcove_1,
          portal_sewer_entry_d
D:7:      layout_basic, minmay_temple_entry_offerings, enter_bailey_3,
          minmay_misc_feat_hallway, minmay_bent, uniq_menkaure

Skill      XL: |  1  2  3  4  5  6  7  8 |
---------------+-------------------------+-----
Axes           | 5 6 8 9 10 11 | 11.8
Shields        | 4 7 |  7.8
Fighting       | |  3.6
Dodging        | |  2.4
Stealth        | |  1.5

Action                   |  1- 3 |  4- 6 |  7- 9 || total
-------------------------+-------+-------+-------++-------
Melee: Hand axe          |   172 |    70 |   328 ||   570
       Punch             |     2 |     1 |       ||     3
       Demon whip        |       |       |     7 ||     7
Throw: Dart              |       |       |     6 ||     6
Invok: Smiting           |       |       |     1 ||     1
       Convert to Beogh  |       |       |     1 ||     1
  Use: Potion            |     1 |     9 |     4 ||    14
       Scroll            |       |     5 |     6 ||    11
Armor: Plate armour      |   126 |    38 |   177 ||   341
       Skin              |       |       |     3 ||     3
Dodge: Dodged            |    35 |     6 |    21 ||    62
Block: Kite shield       |       |     1 |   204 ||   205

Table legend: (Time is in decaauts)
 A = Elapsed time spent in this place.
 B = Non-inter-level travel time spent in this place.
 C = Inter-level travel time spent in this place.
 D = Time resting spent in this place.
 E = Time spent auto-exploring this place.
 F = Levels seen in this place.
 G = Mean time per level.
                   A        B        C        D        E       F      G
               +--------+--------+--------+--------+--------+-----+--------+
         Total |   8050 |   7813 |    237 |   1432 |   5288 |   7 | 1150.0 |
       Dungeon |   8050 |   7813 |    237 |   1432 |   5288 |   7 | 1150.0 |
               +--------+--------+--------+--------+--------+-----+--------+

Top non-repeatable levels by time:
     D:3: 1864 daAuts
     D:5: 1528 daAuts
     D:6: 1352 daAuts
     D:4: 1340 daAuts
     D:2: 1078 daAuts
     D:1: 789 daAuts
     D:7: 95 daAuts
